 Dungeon Crawl Stone Soup version 0.28-a0-1435-g82390b3a13 (webtiles) character file.

Game seed: 14654454504467040420

44 Hasart the Ducker (level 3, -4/26 HPs)
             Began as an Octopode Fighter on Jan 10, 2022.
             Slain by a gnoll (7 damage)
             ... on level 3 of the Dungeon.
             The game lasted 00:01:46 (1145 turns).

Hasart the Ducker (Octopode Fighter)                Turns: 1145, Time: 00:01:47

Health: -4/26      AC:  1    Str: 17    XL:     3   Next: 60%
Magic:  3/3        EV: 13    Int: 10    God:
Gold:   47         SH:  4    Dex: 11    Spells: 2/2 levels left

rFire   . . .      SeeInvis .   a - +0 trident
rCold   . . .      Faith    .   b - +0 buckler
rNeg    . . .      Spirit   .   (helmet restricted)
rPois   .          Reflect  .   (no amulet)
rElec   .          Harm     .   (no ring)
rCorr   .          Rampage  .   (no ring)
Will    .....                   (no ring)
Stlth   ++........              (no ring)
HPRegen 0.08/turn               (no ring)
MPRegen 0.08/turn               (no ring)
                                (no ring)
                                (no ring)

@: no status effects
A: almost no armour, amphibious, 8 rings, camouflage 1, gelatinous body 1,
(nimble swimmer 1), tentacles
a: no special abilities


You were on level 3 of the Dungeon.
You visited 1 branch of the dungeon, and saw 3 of its levels.

You collected 47 gold pieces.

Inventory:

Hand Weapons
 a - a +0 trident (weapon)
Armour
 b - a +0 buckler (worn)
Scrolls
 g - a scroll of fear {unknown}
Potions
 c - 2 potions of might
 d - 2 potions of heal wounds {unknown}
 e - 2 potions of lignification {unknown}
 f - a potion of curing {unknown}
 h - a potion of haste {unknown}


   Skills:
 + Level 3.3 Fighting
 * Level 2.9 Polearms
 + Level 3.3 Dodging
 + Level 3.3 Shields


You had 2 spell levels left.
You didn't know any spells.
Your spell library was empty.

Dungeon Overview and Level Annotations

Branches:
Dungeon (3/15)

Altars:


Innate Abilities, Weirdness & Mutations

You cannot wear most types of armour.
You are amphibious.
You can wear up to eight rings at the same time.
Your skin changes colour to match your surroundings (Stealth+).
Your rubbery body absorbs attacks. (AC +1, EV +1)
((You are camouflaged when in or above water. (Stealth+)))
You have tentacles for arms and can constrict up to eight enemies at once.


Message History

Found an escape hatch in the ceiling.
You see here a bat skeleton.
You see here a hobgoblin skeleton.
Found a helmet.
Found an escape hatch in the floor.
Found a knobbly smoking staff.
A frilled lizard comes into view.
A frilled lizard is nearby! 2 gnolls come into view.
The gnoll shouts!
You reach to attack!
You barely miss the frilled lizard. You barely miss the frilled lizard.
The gnoll shouts!
Your grab misses the frilled lizard.
You hear a shout!
The frilled lizard bites you.
You puncture the frilled lizard!
You kill the frilled lizard!
You hit the gnoll but do no damage. You grab the gnoll.
You constrict the gnoll. The gnoll hits you with a +0 flail!
A gnoll comes into view. It is wielding a +0 club.
You block the gnoll's attack.
You completely miss the gnoll. You squeeze the gnoll.
The gnoll is moderately wounded.
You constrict the gnoll. You block the gnoll's attack.
A gnoll comes into view. It is wielding a +0 flail.
The gnoll hits you but does no damage.
You release your grip on the gnoll.
The gnoll hits you with a +0 flail!
There is an escape hatch in the floor here.
The gnoll barely misses you.
You slide downwards.
The hatch slams shut behind you.
You hit the gnoll but do no damage. Your grab misses the gnoll.
The gnoll hits you with a +0 club.
* * * LOW HITPOINT WARNING * * *
You barely miss the gnoll. Your grab misses the gnoll. You squeeze the gnoll!
The gnoll is almost dead.
The gnoll hits you with a +0 club.
* * * LOW HITPOINT WARNING * * *
The gnoll hits you with a +0 club!
You die...

# .# ..#
#####...##
.##.##.........
.......@.......
#.####.g.......
#####...## ..#
.# #


You could see a gnoll.

Vanquished Creatures
  An adder (D:2)
  2 dart slugs (D:1)
  4 ball pythons
  2 bats (D:2)
  An endoplasm (D:2)
  3 goblins
  6 hobgoblins
  4 kobolds
  3 frilled lizards
  2 rats (D:1)
28 creatures vanquished.

Notes
Turn   | Place    | Note
-------+----------+-------------------------------------------
     0 | D:1      | Hasart the Octopode Fighter began the quest for the Orb.
     0 | D:1      | Reached XP level 1. HP: 16/16 MP: 1/1
   109 | D:1      | Reached XP level 2. HP: 17/21 MP: 2/2
   768 | D:2      | Reached XP level 3. HP: 18/26 MP: 3/3
  1145 | D:3      | Slain by a gnoll

Illustrated notes

Levels and vault maps discovered:
D:1:      amcnicky_arrival_abandoned_market, layout_loops_ring
D:2:      layout_loops_cross, basic_ecumenical_altar
D:3:      layout_loops_cross, nicolae_hepliaklqana_monster_ancestors,
          mainiacjoe_overflow_alcove_2, hellmonk_ghost_happy_afterlife,
          minmay_liquid_box

Action                   || total
-------------------------++-------
Melee: Trident           ||    55
       Constrict         ||     9
       Tentacles         ||     5
       Punch             ||     1
 Stab: Sleeping          ||     9
Armor: Skin              ||     4
Dodge: Dodged            ||    20
Block: Buckler           ||     6

Table legend: (Time is in decaauts)
 A = Elapsed time spent in this place.
 B = Non-inter-level travel time spent in this place.
 C = Inter-level travel time spent in this place.
 D = Time resting spent in this place.
 E = Time spent auto-exploring this place.
 F = Levels seen in this place.
 G = Mean time per level.
                   A        B        C        D        E       F      G
               +--------+--------+--------+--------+--------+-----+--------+
         Total |   1155 |   1150 |      5 |      0 |    965 |   3 |  385.0 |
       Dungeon |   1155 |   1150 |      5 |      0 |    965 |   3 |  385.0 |
               +--------+--------+--------+--------+--------+-----+--------+

Top non-repeatable levels by time:
     D:1: 654 daAuts
     D:2: 499 daAuts
     D:3: 2 daAuts
